 Dungeon Crawl Stone Soup version 0.31-a0-460-g9e667d4245 (webtiles) character file.

Game seed: 16206170091507640085

85 RepHenryClay the Shield-Bearer (level 4, 0/42 HPs)
             Began as a Naga Fighter on Aug 5, 2023.
             Killed from afar by Natasha (6 damage)
             ... with a puff of flame
             ... on level 2 of the Dungeon.
             The game lasted 00:01:37 (1440 turns).

RepHenryClay the Shield-Bearer (Naga Fighter)       Turns: 1440, Time: 00:01:37

Health: 0/42       AC:  4    Str: 15 (18) XL:     4   Next: 48%
Magic:  4/4        EV:  6    Int:  7 (9)  God:
Gold:   96         SH:  4    Dex:  9 (12) Spells: 3/3 levels left

rFire   . . .        a - +0 war axe
rCold   . . .        c - +0 buckler
rNeg    . . .        b - +0 scale mail
rPois   +            (no helmet)
rElec   .            (no cloak)
rCorr   .            (no gloves)
SInv    +            (no barding)
Will    .....        (no amulet) Stlth
                     (no ring)
HPRegen 0.27/turn    (no ring)
MPRegen 0.09/turn

%: no passive effects
@: mighty, very slow
A: AC +1, large, see invisible, deformed body, poison resistance, slowness 2,
spit poison 1, naga tail 1
a: Spit Poison


You were on level 2 of the Dungeon.
You visited 1 branch of the dungeon, and saw 2 of its levels.

You collected 96 gold pieces.

Inventory:

Hand Weapons
 a - a +0 war axe (weapon)
Armour
 b - a +0 scale mail (worn)
 c - a +0 buckler (worn)
Jewellery
 l - a ring of positive energy
 m - the ring of Cieget {rCorr Str+2}
   (You found it on level 2 of the Dungeon)

   [ring of resist corrosion]

   Str:       It affects your strength (+2).
   rCorr:     It protects you from acid and corrosion.
 n - an amulet of regeneration
Scrolls
 f - a scroll of fog {unknown}
 g - 2 scrolls of teleportation {unknown}
 h - 2 scrolls of enchant weapon {unknown}
 k - a scroll of vulnerability {unknown}


   Skills:
 - Level 3.0 Fighting
 + Level 3.4 Axes
 - Level 2.4 Armour
 + Level 3.8 Shields


You had 3 spell levels left.
You didn't know any spells.
Your spell library was empty.

Dungeon Overview and Level Annotations

Branches:
Dungeon (2/15)

Altars:

Annotations:
D:2 Natasha


Innate Abilities, Weirdness & Mutations

Your serpentine skin is tough. (AC +1)
You have supernaturally acute eyesight. (SInv)
Armour fits poorly on your strangely shaped body.
Your system is resistant to poisons. (rPois)
You cover ground very slowly.
You can spit poison.
You have a snake-like lower body.


Message History

You are too injured to fight recklessly!
You are too injured to fight recklessly!
You are too injured to fight recklessly!
You miss Natasha.
Natasha stares at you and mumbles some strange words.
You resist with some effort.
You miss Natasha.
Natasha zaps a wand.
The puff of flame hits you!
* * * LOW HITPOINT WARNING * * *
Huge Dmg: -16%(-7hp) hp: 39%(16hp)
You closely miss Natasha. You block Natasha's attack. Natasha claws you.
* * * LOW HITPOINT WARNING * * *
Damage: -3%(-1hp) hp: 36%(15hp) Unknown command.
It was a potion of cancellation.
You feel magically purged. Natasha claws you.
* * * LOW HITPOINT WARNING * * *
Damage: -7%(-3hp) hp: 29%(12hp) Unknown command.
It was a potion of curing.
You feel better. Natasha claws you.
* * * LOW HITPOINT WARNING * * *
Aiming: Spit Poison (1% risk of failure)
Press: ? - help, Shift-Dir - straight line, f - Natasha
Aim: Natasha, carrying a wand of flame (50% to hit)
The splash of poison misses Natasha.
Natasha zaps a wand.
The puff of flame hits you.
* * * LOW HITPOINT WARNING * * *
Huge Dmg: -11%(-5hp) hp: 20%(8hp) It was a potion of degeneration.
There was something very wrong with that liquid.
You feel weakened.
You feel dopey.
You feel clumsy. Natasha claws you.
* * * LOW HITPOINT WARNING * * *
Huge Dmg: -5%(-2hp) hp: 15%(6hp)
You feel very mighty all of a sudden.
You have got your breath back.
Natasha claws you.
* * * LOW HITPOINT WARNING * * *
Damage: -3%(-1hp) hp: 12%(5hp) Unknown command.
You closely miss Natasha.
Natasha zaps a wand.
The puff of flame hits you.
You die...

######^## ...... #.#
~~~~~~ #.# ~~~~~ #.##
≈.≈≈ ### #####... #~≈
#<## #.....#. #
##.####..#####.###.#.
#...#...#..........# #.#.
......h@(......###.###...
............##.# #.....>.
.........?.###.# ####....
...........# #.# ##.##
#...#...#.$# #.# #.#
##.###.####. ..# #.# #~≈
#~≈ ##### ##'## .~ .~~
##...# ##.....


You could see Natasha.

Vanquished Creatures
  Jessica (D:2)
  Natasha (D:2)
  2 ball pythons (D:1)
  4 endoplasms
  2 goblins (D:1)
  4 hobgoblins (D:1)
  5 quokkas (D:1)
  7 bats (D:1)
  2 kobolds (D:1)
  3 rats (D:1)
31 creatures vanquished.

Notes
Turn   | Place    | Note
-------+----------+-------------------------------------------
     0 | D:1      | RepHenryClay the Naga Fighter began the quest for the Orb.
     0 | D:1      | Reached XP level 1. HP: 21/21 MP: 1/1
   240 | D:1      | Reached XP level 2. HP: 12/28 MP: 2/2
   546 | D:1      | Reached XP level 3. HP: 34/34 MP: 3/3
  1070 | D:2      | Noticed Natasha
  1079 | D:2      | Killed Natasha
  1166 | D:2      | Identified the ring of Cieget {rCorr Str+2}
  1174 | D:2      | Noticed Jessica
  1178 | D:2      | Killed Jessica
  1179 | D:2      | Reached XP level 4. HP: 27/42 MP: 4/4
  1428 | D:2      | Noticed Natasha
  1440 | D:2      | Killed from afar by Natasha

Illustrated notes

Levels and vault maps discovered:
D:1:      zaba_arrival_water, layout_loops_corners, hex_medium
D:2:      wad_lake_hut, layout_loops_corners, uniq_jessica, uniq_natasha

Skill      XL: |  1  2  3 |
---------------+----------+-----
Shields        | 3 |  3.8
Axes           | 3 |  3.4
Fighting       | |  3.0
Armour         | |  2.4

Action                     |  1- 3 |  4- 6 || total
---------------------------+-------+-------++-------
  Melee: War axe           |    86 |     6 ||    92
Ability: Spit Poison       |       |     1 ||     1
    Use: Potion            |       |     4 ||     4
 Armour: Scale mail        |    43 |       ||    43
  Dodge: Dodged            |    43 |       ||    43
  Block: Buckler           |    20 |     1 ||    21

Table legend: (Time is in decaauts)
 A = Elapsed time spent in this place.
 B = Non-inter-level travel time spent in this place.
 C = Inter-level travel time spent in this place.
 D = Time resting spent in this place.
 E = Time spent auto-exploring this place.
 F = Levels seen in this place.
 G = Mean time per level.
                   A        B        C        D        E       F      G
               +--------+--------+--------+--------+--------+-----+--------+
         Total |   1927 |   1871 |     56 |      0 |   1598 |   2 |  963.5 |
       Dungeon |   1927 |   1871 |     56 |      0 |   1598 |   2 |  963.5 |
               +--------+--------+--------+--------+--------+-----+--------+

Top non-repeatable levels by time:
     D:1: 1311 daAuts
     D:2: 616 daAuts
